 Dungeon Crawl Stone Soup version 0.29.1-12-g30fa7ad0bf (webtiles) character file.

Game seed: 4975255037921149374

179 Sanktem7 the Trooper (level 5, -5/48 HPs)
             Began as a Minotaur Fighter on Jan 3, 2023.
             Slain by a gnoll
             ... wielding a +0 halberd
              (9 damage)
             ... on level 4 of the Dungeon.
             The game lasted 00:02:31 (2197 turns).

Sanktem7 the Trooper (Minotaur Fighter)             Turns: 2197, Time: 00:02:31

Health: -5/48      AC:  8    Str: 22    XL:     5   Next: 33%
Magic:  4/4        EV:  9    Int:  5    God:
Gold:   68         SH:  4    Dex: 10    Spells: 4/4 levels left

rFire   . . .      SeeInvis .   a - +0 flail {mace}
rCold   . . .      Faith    .   c - +0 buckler
rNeg    . . .      Spirit   .   b - +0 scale mail
rPois   .          Reflect  .   (helmet restricted)
rElec   .          Harm     .   (no cloak)
rCorr   .          Rampage  .   (no gloves)
Will    .....                   m - +0 pair of boots
Stlth   ..........              (no amulet)
HPRegen 0.16/turn               (no ring)
MPRegen 0.09/turn               (no ring)

@: no status effects
A: horns 2, retaliatory headbutt
a: no special abilities


You were on level 4 of the Dungeon.
You visited 1 branch of the dungeon, and saw 3 of its levels.

You collected 68 gold pieces.


Innate Abilities, Weirdness & Mutations

You have a pair of horns on your head.
You reflexively headbutt those who attack you in melee.


   Skills:
 * Level 5.4 Fighting
 * Level 4.6 Maces & Flails
 + Level 4.5 Armour
 - Level 3.6 Shields


You had 4 spell levels left.
You didn't know any spells.
Your spell library contained the following spells:

 Spells                   Type           Power      Damage    Failure   Level
 Ozocubu's Armour         Ice            0%         N/A       99%         3
 Metabolic Englaciation   Hex/Ice        0%         N/A       100%        5
 Simulacrum               Ice/Necr       0%         N/A       100%        6

Inventory:

Hand Weapons
 a - a +0 flail (weapon) {mace}
Missiles
 g - 26 stones (quivered) {throwing}
 q - 2 poisoned darts {throwing}
Armour
 b - a +0 scale mail (worn)
 c - a +0 buckler (worn)
 m - a +0 pair of boots (worn)
   (You found it on level 1 of the Dungeon)
 o - a +0 cloak
   (You found it on level 2 of the Dungeon)
Jewellery
 r - a ring of resist corrosion
   (You found it on level 2 of the Dungeon)
Scrolls
 e - 2 scrolls of amnesia {unknown}
 f - a scroll of enchant weapon {unknown}
 h - 3 scrolls of identify {unknown}
 i - a scroll of poison {unknown}
 j - a scroll of brand weapon {unknown}
 k - a scroll of fear {unknown}
 n - a scroll of teleportation {unknown}
 p - a scroll of immolation {unknown}
 s - 2 scrolls of silence {unknown}
Potions
 d - a potion of might
 l - 2 potions of resistance {unknown}
 t - a potion of ambrosia {unknown}

Dungeon Overview and Level Annotations

Branches:
Dungeon (2/15) Zot: 15763

Altars:

.. ....#....#
<.#........#
.#........# .........#
#.......###
#....?....### ###.
#..g...$...#
....##ggg...#.#.#
#.....).@.......#
###...?g.#..#.#.#
#........#......#
#....$........##
.......#..†####
..........##
............>......## #
..[................># .
................#.###.#


You could see 5 gnolls.


Message History

You take 2 damage, and now have 31/41 hp.
You thump the phantom! The phantom barely misses you. You furiously retaliate!
You headbutt the phantom. You hit the phantom but do no damage.
Your headbutt misses the phantom. The phantom misses you.
You thump the phantom!
The kobold throws a stone.
The stone hits you but does no damage. The phantom hits you.
The phantom blinks!
You blink. 😮 HP[-1]
You take 1 damage, and now have 30/41 hp.
You hit the phantom.
You destroy the phantom!
Your Fighting skill increases to level 5!
You have reached level 5! 😮 HP[+6] MP[+1]
You now have 48 max hp (+7).
You regained 6 hp, and now have 36/48 hp.
Your mp is fully restored (4).
You closely miss the kobold. The kobold barely misses you.
You closely miss the kobold. You headbutt the kobold.
You kill the kobold!
g - 21 stones {throwing} (gained 1)
Things that are here:
a +0 club {mace}; a kobold corpse Key pressed, stopping explore.
Key pressed, stopping explore.
Found a stone staircase leading down. 😎 HP[+12]
Your hp is fully restored (48).
Found a stone staircase leading down.
t - a grey potion
g - 26 stones {throwing} (gained 5)
A ball python comes into view.
The ball python hisses angrily.
A ball python is nearby!
A ball python is nearby!
You closely miss the ball python. You headbutt the ball python.
You kill the ball python!
No target in view!
No target in view!
A gnoll comes into view. It is wielding a +0 flail.
The gnoll shouts!
A gnoll is nearby!
A gnoll is nearby!
A gnoll is nearby!
A gnoll comes into view. It is wielding a +0 spear.
The gnoll shouts!
The gnoll moves out of view.
A gnoll comes into view. It is wielding a +0 spear.
The gnoll shouts!
You hear a shout! 2 gnolls come into view.
A gnoll is wielding a +2 halberd of protection.
Found a stone staircase leading up.
The gnoll shouts! x2
A gnoll comes into view. It is wielding a +0 halberd.
You closely miss the gnoll. Your headbutt misses the gnoll.
The gnoll hits you with a +0 flail. 😕 HP[-3]
You take 3 damage, and now have 45/48 hp.
You barely miss the gnoll. The gnoll barely misses you. x2
The gnoll completely misses you. 😕 HP[+1]
You closely miss the gnoll. The gnoll barely misses you.
The gnoll hits you with a +0 flail. 😕 HP[-3]
You take 3 damage, and now have 43/48 hp.
You thump the gnoll!
You kill the gnoll!
The gnoll closely misses you.
The gnoll hits you from afar with a +0 spear. 😕 HP[-5]
You take 5 damage, and now have 38/48 hp.
The gnoll hits you with a +0 spear. You block the gnoll's attack.
The gnoll hits you from afar with a +0 halberd!
You are too injured to fight recklessly! 😮 HP[-10]
You take 10 damage, and now have 28/48 hp.
MASSIVE DAMAGE!! (PAUSE)
The gnoll hits you from afar with a +2 halberd of protection.
* * * LOW HITPOINT WARNING * * *
You block the gnoll's attack. The gnoll barely misses you. 😨 HP[-6]
You take 6 damage, and now have 22/48 hp.
The gnoll hits you from afar with a +2 halberd of protection!
* * * LOW HITPOINT WARNING * * *
😱 HP[-13]
You take 13 damage, and now have 9/48 hp.
MASSIVE DAMAGE!! (PAUSE)
You hit the gnoll. The gnoll barely misses you.
The gnoll hits you from afar with a +0 spear.
* * * LOW HITPOINT WARNING * * *
The gnoll barely misses you. 😱 HP[-4]
You take 4 damage, and now have 5/48 hp.
The gnoll hits you from afar with a +2 halberd of protection.
* * * LOW HITPOINT WARNING * * *
You block the gnoll's attack. The gnoll completely misses you.
The gnoll hits you from afar with a +0 halberd!
You die...

Skill      XL: |  1  2  3  4 |
---------------+-------------+-----
Fighting       | 4 5 |  5.4
Maces & Flails | 3 4 |  4.6
Armour         | 4 |  4.5
Shields        | |  3.6

Action                   |  1- 3 |  4- 6 || total
-------------------------+-------+-------++-------
Melee: Flail             |   123 |    21 ||   144
       Headbutt          |     9 |     2 ||    11
Armor: Scale mail        |    56 |     9 ||    65
Dodge: Dodged            |    60 |    15 ||    75
Block: Buckler           |    31 |     6 ||    37

Levels and vault maps discovered:
D:1:      nagdon_arrival_zigzag_paths, layout_basic
D:2:      layout_loops_ring, uniq_terence
D:4:      layout_cave_pools, serial_co_window_serial, co_window_paths_a,
          co_window_paths_b, co_window_paths_a, co_window_paths_a,
          co_window_paths_b, co_window_of_opportunity_a, co_window_corner_b,
          co_window_of_opportunity_c, co_window_corner_b, glass_columns_b,
          glass_columns_a, glass_columns_a, glass_columns_c, glass_columns_a,
          minmay_misc_feat_hallway, minmay_cut_off

Notes
Turn   | Place    | Note
-------+----------+-------------------------------------------
     0 | D:1      | Sanktem7 the Minotaur Fighter began the quest for the Orb.
     0 | D:1      | Reached XP level 1. HP: 19/19 MP: 0/0
     0 | D:1      | magus.rc [v1.9.6]
   119 | D:1      | Reached XP level 2. HP: 24/27 MP: 1/1
   144 | D:1      | You pick up a book of Winter and begin reading...
   144 | D:1      | You add the spells Ozocubu's Armour, Metabolic Englaciation
                  | and Simulacrum to your library.
   172 | D:1      | Reached skill level 4 in Fighting
   203 | D:1      | Reached skill level 3 in Maces & Flails
   634 | D:1      | Reached XP level 3. HP: 31/33 MP: 2/2
   663 | D:1      | Reached skill level 4 in Armour
  1772 | D:2      | You fall into a shaft and drop 2 floors!
  1814 | D:4      | Reached skill level 4 in Maces & Flails
  1814 | D:4      | Reached XP level 4. HP: 21/41 MP: 3/3
  2042 | D:4      | Noticed a phantom
  2053 | D:4      | Killed a phantom
  2054 | D:4      | Reached skill level 5 in Fighting
  2054 | D:4      | Reached XP level 5. HP: 36/48 MP: 4/4
  2195 | D:4      | HP: 9/48 [gnoll/+2 halberd of protection (14)]
  2197 | D:4      | HP: 4/48 [gnoll/+2 halberd of protection (1)]
  2197 | D:4      | Slain by a gnoll

Vanquished Creatures
  A phantom (D:4)
  A jelly (D:4)
  An adder (D:2)
  A gnoll (D:4)
  3 dart slugs (D:1)
  2 bats (D:1)
  5 endoplasms
  A giant cockroach (D:1)
  3 hobgoblins
  3 jackals (D:1)
  4 quokkas
  7 ball pythons
  A frilled lizard (D:1)
  3 goblins
  5 kobolds
  5 rats (D:1)
46 creatures vanquished.

Table legend:
 A = Non-vault XP
 B = Vault XP
 C = Vault XP percentage of total XP
 D = Non-vault monster count
 E = Vault monster count
 F = Vault count percentage of total count
                 A         B        C        D         E       F
            +---------+---------+-------+---------+---------+-------
      Total |     257 |       0 |   0.0 |      46 |       0 |   0.0
            +---------+---------+-------+---------+---------+-------
        D:1 |      56 |       0 |   0.0 |      30 |       0 |   0.0
        D:2 |      28 |       0 |   0.0 |       9 |       0 |   0.0
        D:4 |     173 |       0 |   0.0 |       7 |       0 |   0.0
            +---------+---------+-------+---------+---------+-------

Illustrated notes

Table legend:
 A = Kills in this place as a percentage of kills in entire the game.
 B = Kills by you in this place as a percentage of kills by you in the entire game.
 C = Kills by friends in this place as a percentage of kills by friends in the entire game.
 D = Other kills in this place as a percentage of other kills in the entire game.
 E = Experience gained in this place as a percentage of experience gained in the entire game.
 F = Experience gained in this place divided by the number of levels of this place that you have seen.
                   A       B       C       D       E      F
               +-------+-------+-------+-------+-------+----------------------
         Total | 100.0 | 100.0 |   N/A |   N/A | 100.0 |  85.7
       Dungeon | 100.0 | 100.0 |   N/A |   N/A | 100.0 |  85.7
               +-------+-------+-------+-------+-------+----------------------

Table legend: (Time is in decaauts)
 A = Elapsed time spent in this place.
 B = Non-inter-level travel time spent in this place.
 C = Inter-level travel time spent in this place.
 D = Time resting spent in this place.
 E = Time spent auto-exploring this place.
 F = Levels seen in this place.
 G = Mean time per level.
                   A        B        C        D        E       F      G
               +--------+--------+--------+--------+--------+-----+--------+
         Total |   2235 |   2166 |     69 |      0 |   1846 |   3 |  745.0 |
       Dungeon |   2235 |   2166 |     69 |      0 |   1846 |   3 |  745.0 |
               +--------+--------+--------+--------+--------+-----+--------+

Top non-repeatable levels by time:
     D:1: 1244 daAuts
     D:2: 558 daAuts
     D:4: 432 daAuts
